Map: Invader LE

Players

Gracz

  • Race: Terran Terran
  • League: Bronze

DoktoriQ - Winner!

  • Race: Zerg Zerg
  • League: Bronze

VOD

Have the link to the VOD?

Description

Time

  • Played on: May 8, 2016, 12:15 p.m.
  • Length: 13:03
Show
View Real Time Build Order
Export as new Build Order

Gracz Terran 

Build Orders:  

Get SALT Encoding   

  12  0:01  SCV  
  13  0:13  SCV  
  14  0:25  SCV  
  15  0:31  Supply Depot  
  15  0:44  Supply Depot  
  15  0:50  Supply Depot  
  15  0:52  SCV  
  16  1:00  Supply Depot  
  16  1:04  SCV  
  17  1:22  Barracks  
  17  1:33  Barracks  
  17  1:39  Barracks  
  17  1:51  Refinery, SCV  
  18  2:03  SCV  
  18  2:06  Refinery  
  19  2:11  Supply Depot  
  19  2:15  SCV  
  20  2:28  SCV  
  21  2:35  Barracks Reactor  
  21  2:42  Barracks Reactor  
  21  2:52  Barracks Reactor  
  21  3:00  Barracks  
  21  3:06  Barracks  
  21  3:34  Factory  
  21  3:38  Factory  
  21  3:39  Orbital Command  
  21  3:50  Marine  
  22  3:56  Reaper x2  
  22  3:57  Reaper  
  25  5:02  Barracks Tech Lab  
  25  5:24  Reaper x2  
  25  5:25  Reaper x3  
  25  5:37  Reaper x2  
  27  5:56  Reaper  
  27  5:57  Reaper  
  18  6:08  Reaper x3  
  16  6:20  Orbital Command  
  9  6:30  Hellion x2  
    7:14  SCV  
  1  7:26  SCV  
  2  7:34  Refinery  
  2  7:38  SCV  
  3  7:50  SCV  
  4  8:24  Orbital Command  
  1  8:29  Factory Tech Lab  
  1  8:30  Factory Tech Lab  
    8:59  SCV  
  1  9:11  SCV  
  1  9:16  Refinery  
  2  9:19  Marine x2  
  2  9:23  SCV  
  5  9:35  SCV  
  3  10:21  Hellion x2  
Show
View Real Time Build Order
Export as new Build Order

DoktoriQ Zerg - Winner!

Build Orders: Hatch First 

Get SALT Encoding   

  12  0:02  Drone  
  13  0:08  Drone  
  14  0:18  Overlord  
  14  0:45  Hatchery  
  14  0:47  Drone  
  14  0:53  Drone  
  15  1:09  Drone x2  
  17  1:16  Extractor  
  16  1:19  Spawning Pool  
  15  1:29  Drone  
  15  1:30  Drone  
  17  1:40  Drone  
  18  1:49  Drone  
  19  1:55  Overlord  
  19  1:59  Drone  
  20  2:04  Drone  
  21  2:09  Drone  
  21  2:10  Queen  
  21  2:15  Zergling x2  
  25  2:24  Zergling x2  
  26  2:30  Drone  
  27  2:55  Zergling x6  
  27  2:58  Queen  
  30  2:59  Drone x2  
  30  3:00  Zergling x2  
  35  3:09  Zergling x2  
  36  3:20  Roach Warren  
  36  3:24  Extractor  
  36  3:26  Zergling x4  
  36  3:35  Overlord x2  
  36  3:46  Metabolic Boost  
  36  3:58  Baneling Nest  
  35  4:14  Roach x4  
  35  4:15  Roach x2, Zergling x6  
  49  4:29  Roach  
  49  4:30  Zergling x2  
  44  4:46  Zergling x10  
  44  4:47  Zergling x2  
  47  5:16  Roach x2  
  47  5:17  Zergling x4  
  47  5:18  Overlord x2  
  50  5:41  Roach x3, Zergling x4  
  55  6:22  Roach x2, Hatchery  
  55  6:23  Roach, Zergling x6  
  62  6:59  Lair  
  62  7:01  Roach  
  62  7:02  Roach  
  66  7:15  Zergling x2  
  66  7:19  Overlord x3  
  67  7:41  Drone  
  68  8:35  Spire  
  68  8:40  Extractor x2, Drone x3  
  68  8:41  Drone x3  
  71  8:45  Drone  
  71  8:46  Drone x3  
  75  9:10  Drone x3  
  75  9:13  Drone  
  75  9:14  Drone x4  
  83  9:24  Extractor  
  83  9:25  Extractor  
  81  9:34  Drone  
  81  10:03  Mutalisk x3  
  81  10:04  Mutalisk x5  
  97  10:07  Overlord x3  
  97  10:16  Overlord x2  
  97  10:25  Evolution Chamber  
  97  10:28  Evolution Chamber  
  95  10:54  Mutalisk x3  
  95  10:55  Mutalisk x4  
  95  10:56  Mutalisk x2  
  113  10:59  Mutalisk  
  115  11:53  Mutalisk x5  
Tags
 
Add a new tag
Caveats
  • Supply blocks, unpowered buildings, or Contaminate may cause inaccurate times.
  • Supply counts are checked every 10 seconds.